 Dungeon Crawl Stone Soup version 0.29.1-14-g9c671dbff4 (webtiles) character file.

Game seed: 10867992184865395484

12 Descartes the Sneak (level 2, 0/14 HPs)
             Began as a Felid Delver on Feb 17, 2023.
             Slain by a giant cockroach (1 damage)
             ... on level 4 of the Dungeon.
             The game lasted 00:01:35 (444 turns).

Descartes the Sneak (Felid Delver)                   Turns: 444, Time: 00:01:36

Health: 0/14       AC:  1    Str:  8    XL:     2   Next: 20%
Magic:  3/3        EV: 18    Int: 11    God:
Gold:   33         SH:  0    Dex: 17    Spells: 1/1 levels left
                                        Lives:  0   Deaths: 0

rFire   . . .      SeeInvis +     - Unarmed
rCold   . . .      Faith    .   (shield unavailable)
rNeg    . . .      Spirit   .   (body armour unavailable)
rPois   .          Reflect  .   (helmet unavailable)
rElec   .          Harm     .   (cloak unavailable)
rCorr   .          Rampage  .   (gloves unavailable)
Will    .....                   (boots unavailable)
Stlth   ++++......              (no amulet)
HPRegen 0.04/turn               (no ring)
MPRegen 0.08/turn               (no ring)

@: hasted, very quick
A: very small, claws 1, fangs 3, see invisible, speed 1, shaggy fur 1, stealthy
paws, no weapons or thrown items, no armour, multi-lived
a: no special abilities


You were on level 4 of the Dungeon.
You visited 1 branch of the dungeon, and saw 3 of its levels.

You collected 33 gold pieces.

Inventory:

Wands
 e - a wand of digging (3)
Scrolls
 a - a scroll of fog
 b - a scroll of magic mapping
 c - a scroll of fear
 f - a scroll of teleportation {unknown}
 g - a scroll of identify {unknown}
 h - a scroll of immolation {unknown}


   Skills:
 - Level 3.0 Fighting
 + Level 3.0 Dodging
 + Level 6.8 Stealth
 * Level 2.5 Unarmed Combat


You had one spell level left.
You didn't know any spells.
Your spell library was empty.

Dungeon Overview and Level Annotations

Branches:
Dungeon (5/15)
 Temple: D:4-7

Altars:


Innate Abilities, Weirdness & Mutations

You have sharp claws.
You have razor-sharp teeth.
You have supernaturally acute eyesight. (SInv)
You cover ground quickly. (Speed+)
You are covered in fur. (AC +1)
Your paws help you pounce on unaware monsters.
You are incapable of wielding weapons or throwing items.
You cannot wear armour.
You gain extra lives every three experience levels.


Message History

The giant cockroach completely misses you.
You scratch the giant cockroach.
The giant cockroach is heavily wounded.
You feel sick. The adder closely misses you.
The giant cockroach closely misses you.
You feel sick. The adder misses you. The giant cockroach bites you.
The adder barely misses you.
You climb downwards.
* * * LOW HITPOINT WARNING * * *
You feel sick.
There is a stone staircase leading up here.
You closely miss the giant cockroach.
The giant cockroach is heavily wounded.
* * * LOW HITPOINT WARNING * * *
You feel sick. The giant cockroach misses you. The adder misses you.
Unknown command.
You feel yourself speed up.
* * * LOW HITPOINT WARNING * * *
You feel sick. The giant cockroach misses you. The adder closely misses you.
You scratch the adder but do no damage. The giant cockroach misses you.
The adder closely misses you.
You closely miss the adder.
* * * LOW HITPOINT WARNING * * *
You feel sick.
You are no longer poisoned.
The giant cockroach closely misses you. The adder closely misses you.
You closely miss the adder. The giant cockroach misses you.
The adder completely misses you.
Unknown command.
You scratch the adder. You bite the adder.
The adder is heavily wounded.
Unknown command.
You closely miss the adder.
The adder is heavily wounded.
The giant cockroach barely misses you. The adder closely misses you.
Unknown command.
You closely miss the adder.
The adder is heavily wounded.
The adder barely misses you. The giant cockroach bites you.
You die...

?...#........##...#
..##.#.#.#.♣.##...#
#............ #...#####
#.# #.......# #........
#.# #.#...#)###....####.
#.# #...........).......
..#.#..#................
###.#..#.......S........
# #.......#.##..@...##.
#####.......##..B.......
..# ##.#######....#.##.#
#.# #.# #....#.#
#.####.# #....# #
.......# #..... ..######
..#.... ..# ##.#.... #>#


You could see an adder and a giant cockroach.

Vanquished Creatures
  An adder (D:4)
  An orc (D:5)
  2 kobolds (D:4)
4 creatures vanquished.

Notes
Turn   | Place    | Note
-------+----------+-------------------------------------------
     0 | D:5      | Descartes the Felid Delver began the quest for the Orb.
     0 | D:5      | Reached XP level 1. HP: 10/10 MP: 2/2
    45 | D:5      | Noticed a hound
   358 | D:4      | Noticed an ogre
   426 | D:4      | Reached XP level 2. HP: 14/14 MP: 3/3
   444 | D:4      | Slain by a giant cockroach

Illustrated notes

Levels and vault maps discovered:
D:3:      wad_crossroads, layout_rooms, nicolae_yredelemnul_corpse_copse,
          ebering_ecumenical_altar_ruins, minmay_misc_feat_more_columns,
          minmay_vboxes, uniq_terence, uniq_ijyb
D:4:      layout_loops_cross, nicolae_ru_path_of_blood,
          mainiacjoe_overflow_tiny_flanked, st_stairs_2
D:5:      layout_basic, grunt_temple_overflow_bloody_war,
          kennysheep_windowed_goal, uniq_pikel

Skill      XL: |  1 |
---------------+----+-----
Dodging        | 3 |  3.0
Fighting       | |  3.0
Stealth        | |  6.8
Unarmed Combat | |  2.5

Action                   || total
-------------------------++-------
Melee: Unarmed           ||    27
       Bite              ||     2
       Punch             ||     1
  Use: Potion            ||     1
 Stab: Sleeping          ||     1
Dodge: Dodged            ||    29
